 Dungeon Crawl Stone Soup version 0.31.0-11-ge490571c62 (webtiles) character file.

Game seed: 159484364686597125

49 qw the Shooter (level 3, 0/20 HPs)
             Began as a Deep Elf Hunter on Feb 4, 2024.
             Slain by a ribbon worm (5 damage)
             ... on level 2 of the Dungeon.
             The game lasted 00:00:03 (827 turns).

qw the Shooter (Deep Elf Hunter)                     Turns: 827, Time: 00:00:03

Health: 0/20       AC:  6    Str: 10    XL:     3   Next: 53%
Magic:  5/5        EV:  6    Int: 13    God:
Gold:   68         SH:  0    Dex: 18    Spells: 2/2 levels left

rFire   . . .        a - +0 shortbow
rCold   . . .        (shield currently unavailable)
rNeg    . . .        e - +0 ring mail
rPois   .            d - +0 helmet
rElec   .            (no cloak)
rCorr   .            (no gloves)
SInv    .            (no boots)
Will    .....        (no amulet)
Stlth   +            (no ring)
HPRegen 0.23/turn    (no ring)
MPRegen 0.09/turn

%: no passive effects
@: held
A: no striking features
a: no special abilities


You were on level 2 of the Dungeon.
You visited 1 branch of the dungeon, and saw 2 of its levels.

You collected 108 gold pieces.
You spent 40 gold pieces at shops.


   Skills:
 - Level 1.5 Fighting
 + Level 7.1 Ranged Weapons
 - Level 2.4 Dodging
 - Level 1.2 Stealth


You had 2 spell levels left.
You didn't know any spells.
Your spell library was empty.

Inventory:

Hand Weapons
 a - a +0 shortbow (weapon)
Armour
 d - a +0 helmet (worn)
 e - a +0 ring mail (worn)

Dungeon Overview and Level Annotations

Branches:
Dungeon (2/15)

Altars:

Shops:
D:1 ?


Message History

A kobold is nearby!
You shoot an arrow. The arrow hits the kobold.
The kobold is heavily wounded.
The kobold throws a stone.
The stone closely misses you.
The kobold throws a stone.
The stone closely misses you.
You shoot an arrow. The arrow hits the kobold.
You kill the kobold!
You start resting.
HP restored.
A ribbon worm comes into view.
You shoot an arrow. The arrow hits the ribbon worm.
The ribbon worm is lightly wounded.
You shoot an arrow. The arrow hits the ribbon worm.
The ribbon worm is heavily wounded.
You shoot an arrow.
The arrow hits the ribbon worm but does no damage.
The ribbon worm is moderately wounded.
An adder comes into view.
The ribbon worm closely misses you.
You shoot an arrow. The arrow hits the ribbon worm.
The ribbon worm is heavily wounded.
You shoot an arrow. The arrow hits the ribbon worm.
The ribbon worm is severely wounded.
The ribbon worm expels a string of sticky webbing.
The stream of webbing hits you but does no damage.
You are caught in a web!
The ribbon worm bites you. The adder barely misses you.
The ribbon worm bites you. The adder bites you but does no damage.
The ribbon worm barely misses you. The adder bites you but does no damage.
The adder bites you.
You are poisoned.
The adder poisons you! The ribbon worm barely misses you.
You feel sick. The adder bites you but does no damage.
You feel sick. The adder bites you. The ribbon worm bites you.
You feel sick. The adder bites you but does no damage.
The ribbon worm bites you. The adder bites you but does no damage.
You feel sick.
You are no longer poisoned.
The adder bites you but does no damage. The ribbon worm bites you.
You die...

#.#.........#
#.#.........#
#...........#
###.......#.#
#.......#.#
###'#.#.#.#
###..#.#.#
#....#.#.#
#.#@S....#
#.#w####.# #
#.? #$?$
..?.# ###.#
.# ..


You could see a ribbon worm and an adder.

Vanquished Creatures
  A gnoll (D:1)
  3 dart slugs
  3 endoplasms (D:1)
  3 giant cockroaches
  2 goblins (D:1)
  3 hobgoblins (D:1)
  2 quokkas (D:1)
  6 bats
  3 frilled lizards (D:2)
  3 kobolds
  5 rats (D:1)
34 creatures vanquished.

Notes
Turn   | Place    | Note
-------+----------+-------------------------------------------
     0 | D:1      | qw the Deep Elf Hunter began the quest for the Orb.
     0 | D:1      | Reached XP level 1. HP: 12/12 MP: 3/3
     0 | D:1      | 0 ||| qw: Version: 0.3-a-160-g6735b56
     0 | D:1      | 0 ||| qw: Game counter: 5255
     0 | D:1      | 0 ||| qw: Melee chars always use a shield: true
     0 | D:1      | 0 ||| qw: God list: Okawaru
     0 | D:1      | 0 ||| qw: Allow faded altars: false
     0 | D:1      | 0 ||| qw: Do Orc after clearing Dungeon:15 true
     0 | D:1      | 0 ||| qw: Do second Lair branch before Depths: true
     0 | D:1      | 0 ||| qw: Lair rune preference: random
     0 | D:1      | 0 ||| qw: Goals: Normal
     0 | D:1      | 0 ||| PLANNING D:1-11
   113 | D:1      | Reached skill level 6 in Ranged Weapons
   113 | D:1      | Reached XP level 2. HP: 16/16 MP: 4/4
   247 | D:1      | Reached XP level 3. HP: 20/20 MP: 5/5
   538 | D:1      | Found Jabor's Magic Scroll Shop.
   546 | D:1      | 546 ||| BUYING scroll of identify (20 gold).
   546 | D:1      | Bought a scroll of identify for 20 gold pieces
   546 | D:1      | 546 ||| BUYING scroll of identify (20 gold).
   546 | D:1      | Bought a scroll of identify for 20 gold pieces
   665 | D:1      | 665 ||| UPGRADING to +0 helmet.
   670 | D:1      | 670 ||| UPGRADING to +0 ring mail.
   680 | D:1      | 680 ||| DROPPING +0 leather armour.
   681 | D:1      | 681 ||| READING 2 scrolls of identify.
   681 | D:1      | 681 ||| IDENTIFYING metallic golden potion
   682 | D:1      | 682 ||| READING scroll of identify.
   682 | D:1      | 682 ||| IDENTIFYING 3 scrolls labelled TEICRI FAUCO
   683 | D:1      | 683 ||| DROPPING scroll of butterflies.
   684 | D:1      | 684 ||| DROPPING 3 scrolls of immolation.
   685 | D:1      | 685 ||| DROPPING potion of degeneration.
   748 | D:2      | Reached skill level 7 in Ranged Weapons
   807 | D:2      | 807 ||| FLEEEEING.
   827 | D:2      | HP: 5/20 [poisoned by an adder]
   827 | D:2      | Slain by a ribbon worm

Levels and vault maps discovered:
D:1:      tarquinn_simple_flora_water_d, layout_loops_ring, serial_shops,
          nicolae_shop_trees, patterned_corridor
D:2:      layout_basic, st_stairs_6, minmay_tetromino_i4

Skill      XL: |  1  2  3 |
---------------+----------+-----
Ranged Weapons | 6 7 |  7.1
Fighting       | |  1.5
Dodging        | |  2.4
Stealth        | |  1.2

Action                     || total
---------------------------++-------
   Fire: Shortbow          ||    81
    Use: Scroll            ||     2
 Armour: Leather armour    ||     9
         Ring mail         ||    15
  Dodge: Dodged            ||    16

Table legend:
 A = Non-vault XP
 B = Vault XP
 C = Vault XP percentage of total XP
 D = Non-vault monster count
 E = Vault monster count
 F = Vault count percentage of total count
                 A         B        C        D         E       F
            +---------+---------+-------+---------+---------+-------
      Total |      65 |       6 |   8.5 |      32 |       2 |   5.9
            +---------+---------+-------+---------+---------+-------
        D:1 |      59 |       0 |   0.0 |      27 |       0 |   0.0
        D:2 |       6 |       6 |  50.0 |       5 |       2 |  28.6
            +---------+---------+-------+---------+---------+-------
